AoeStats
← Erich Müller

Arabia

508901298Analyzed
2v2 RM · 9d ago on Sep 24, 2026· 43m 59s· 4 players
Game mode
Random Map
Map size
Medium (4 player)
Population
200
Speed
Normal
Resources
Standard
Victory
Conquest
Starting age
Dark Age
Ending age
Imperial Age
RankedLock teamsTeams togetherTeam positionsShared explorationLock speedFull tech treeHidden civsTurbo modeCheats
Victory
Defeat
🇩🇪 Varangians · Germany
1591
+8
🇩🇪 Britons · Germany
1041
+28
🇫🇷 Muisca · France
1365
-18
🇲🇽 Franks · Mexico
1361
-18
Erich Müller
5:09 Loom
5:45 Loom
8:51 Feudal Age
9:20 Double-Bit Axe
10:07 Horse Collar
15:13 Bloodlines
21:37 Castle Age
20:05 Forging
20:23 Scale Barding Armor
20:28 Gold Mining
21:58 Wheelbarrow
22:59 Chain Barding Armor
22:49 Husbandry
24:07 Iron Casting
28:44 Heavy Plow
32:46 Bow Saw
34:07 Hand Cart
33:52 Town Watch
41:34 Imperial Age
39:06 Vendel Legacy
41:06 Herbal Medicine
41:35 Cavalier
42:51 Plate Barding Armor
45:06 Blast Furnace
Miss_Mulberry
6:17 Loom
9:24 Feudal Age
12:07 Double-Bit Axe
23:28 Castle Age
23:48 Crossbowman
24:20 Fletching
26:09 Gold Mining
27:52 Ballistics
27:35 Bodkin Arrow
34:32 Bow Saw
34:05 Horse Collar
39:04 Wheelbarrow
38:27 Stone Mining
42:18 Imperial Age
43:00 Bracer
Urielo82
7:11 Loom
9:05 Feudal Age
10:42 Double-Bit Axe
20:43 Castle Age
21:19 Gold Mining
22:04 Fletching
22:52 Bodkin Arrow
23:53 Scale Barding Armor
26:28 Bow Saw
25:59 Pikeman
26:47 Ordonnance Companies
29:15 Padded Archer Armor
31:27 Chain Barding Armor
36:33 Wheelbarrow
36:08 Town Watch
38:32 Ballistics
39:44 Forging
41:09 Husbandry
41:47 Iron Casting
Obitwo
6:30 Loom
9:28 Feudal Age
10:10 Double-Bit Axe
10:06 Champi Runner
11:09 Horse Collar
16:11 Wheelbarrow
20:22 Castle Age
18:20 Fletching
18:55 Scale Mail Armor
19:08 Gold Mining
19:30 Padded Archer Armor
20:25 Crossbowman
22:54 Bodkin Arrow
24:28 Ballistics
24:09 Pikeman
26:06 Bow Saw
31:30 Hand Cart
37:34 Forging
39:04 Murder Holes
40:47 Thumb Ring
41:36 Heavy Plow
Connection lost

Rejoining the realm…

Still unreachable

The connection could not be restored.

Session expired

The server has moved on; the page needs a fresh start.